 Dungeon Crawl Stone Soup version 0.27.1 (webtiles) character file.

Game seed: 6839448337847793404

2756 jafadoo the Protected (level 9, -2/78 HPs)
             Began as a Minotaur Fighter on Sept 2, 2021.
             Shot with a sling bullet by Joseph (7 damage)
             ... on level 7 of the Dungeon.
             The game lasted 00:11:24 (5920 turns).

jafadoo the Protected (Minotaur Fighter)            Turns: 5920, Time: 00:11:24

Health: -2/78      AC: 13    Str: 24    XL:     9   Next: 41%
Magic:  8/8        EV:  6    Int:  5    God:
Gold:   241        SH: 11    Dex: 16    Spells: 8/8 levels left

rFire    . . .     SeeInvis .   t - +4 scimitar
rCold    . . .     Faith    .   c - +0 kite shield
rNeg     . . .     Spirit   .   k - +0 plate armour
rPois    .         Reflect  .   (helmet restricted)
rElec    .         Harm     .   (no cloak)
rCorr    .         Rampage  .   (no gloves)
Will     .....                  (no boots)
Stlth    ..........             (no amulet)
HPRegen  0.23/turn              r - +6 ring of dexterity
MPRegen  0.11/turn              (no ring)

@: no status effects
A: horns 2, retaliatory headbutt
a: no special abilities


You were on level 7 of the Dungeon.
You visited 1 branch of the dungeon, and saw 6 of its levels.

You collected 241 gold pieces.

Inventory:

Hand Weapons
 a - a +0 flail
 f - a +2 rapier of venom
 s - a +3 flail
 t - a +4 scimitar (weapon)
Armour
 b - a +0 scale mail
 c - a +0 kite shield (worn)
 k - a +0 plate armour (worn)
Jewellery
 r - a +6 ring of dexterity (left hand)
 u - a +6 ring of intelligence
 z - a ring of see invisible
Wands
 l - a wand of paralysis (8)
Scrolls
 e - a scroll of holy word {unknown}
 h - a scroll of brand weapon {unknown}
 j - a scroll of identify {unknown}
 o - a scroll of blinking {unknown}
 v - a scroll of enchant weapon {unknown}
 w - a scroll of immolation {unknown}
 x - a scroll of enchant armour {unknown}
 y - a scroll of vulnerability {unknown}
Potions
 d - a potion of might
 g - 2 potions of magic {unknown}
 i - a potion of brilliance {unknown}
 m - 5 potions of curing {unknown}
 n - a potion of heal wounds {unknown}
 p - a potion of degeneration {unknown}
 q - a potion of mutation {unknown}


   Skills:
 + Level 6.8 Fighting
 + Level 7.9(8.5) Short Blades
 + Level 5.0(7.5) Long Blades
 + Level 3.2 Maces & Flails
 + Level 8.4 Armour
 + Level 0.8 Dodging
 + Level 1.4 Stealth
 + Level 6.8 Shields


You had 8 spell levels left.
You didn't know any spells.
Your spell library contained the following spells:

 Spells                   Type           Power      Damage    Failure   Level
 Corona                   Hex            0%         N/A       100%        1
 Corpse Rot               Necr/Air       N/A        N/A       100%        2
 Ensorcelled Hibernation  Hex/Ice        0%         N/A       100%        2
 Passwall                 Tmut/Erth      0%         N/A       100%        2
 Poisonous Vapours        Pois/Air       0%         N/A       100%        2
 Static Discharge         Conj/Air       0%         N/A       100%        2
 Ignite Poison            Fire/Tmut/Pois 0%         N/A       100%        3
 Spider Form              Tmut/Pois      0%         N/A       100%        3
 Tukima's Dance           Hex            0%         N/A       100%        3
 Dispel Undead            Necr           0%         3d6       100%        4
 Fulminant Prism          Conj/Hex       0%         3d6       100%        4
 Iskenderun's Mystic Bla  Conj/Tloc      0%         2d3       100%        4
 Sticky Flame             Conj/Fire      0%         2d3       100%        4
 Freezing Cloud           Conj/Ice/Air   0%         6-21      100%        5
 Lee's Rapid Deconstruct  Erth           0%         3d5*      100%        5
 Dispersal                Tloc           0%         N/A       100%        6
 Disjunction              Tloc           0%         N/A       100%        8


Dungeon Overview and Level Annotations

Branches:
Dungeon (7/15)             Temple (0/1) D:7

Altars:
Makhleb
Ru
Zin

Annotations:
D:7 Joseph


Innate Abilities, Weirdness & Mutations

You have a pair of horns on your head.
You reflexively headbutt those who attack you in melee.


Message History

Joseph shoots a sling bullet.
The sling bullet hits you! The sling bullet burns you.
The howler monkey howls!
Joseph shoots a sling bullet.
The sling bullet hits you. The sling bullet burns you.
The howler monkey hits you.
You slice the howler monkey!!
You kill the howler monkey!
Joseph unwields a +0 hunting sling of flaming.
It stops flaming.
Joseph wields a +0 quarterstaff.
Joseph hits you with a +0 quarterstaff!
Your base Long Blades skill increases to level 5!
Joseph hits you with a +0 quarterstaff!
* * * LOW HITPOINT WARNING * * *
You barely miss Joseph. You headbutt Joseph, but do no damage.
Joseph hits you with a +0 quarterstaff.
* * * LOW HITPOINT WARNING * * *
You slash Joseph!
Joseph is lightly wounded.
Joseph completely misses you.
You riposte.
You barely miss Joseph.
Joseph is lightly wounded.
You slash Joseph!
Joseph is moderately wounded.
You block Joseph's attack.
You barely miss Joseph. Your headbutt misses Joseph.
Joseph is moderately wounded.
Joseph hits you with a +0 quarterstaff.
* * * LOW HITPOINT WARNING * * *
Joseph smiles happily.
Joseph hits you but does no damage.
Joseph unwields a +0 quarterstaff.
Joseph wields a +0 hunting sling of flaming.
It bursts into flame!
Joseph shoots a sling bullet.
The sling bullet hits you!
* * * LOW HITPOINT WARNING * * *
The sling bullet burns you.
* * * LOW HITPOINT WARNING * * *
Joseph shoots a sling bullet.
The sling bullet hits you but does no damage.
Joseph shoots a sling bullet.
The sling bullet hits you!
You die...

#.........# #.#######.# #.#
#.# #.# #.#
#################.#######.##
.......@....................
............................
............##....#######)##
###########@##....###.......
#.##..........#...
#.####........#.⌠. #.#
#......###... #.#
#............ #.#
#.......⌠..>. ..#
#............ ###
#......###... #........#.⌠.


You could see Joseph.

Vanquished Creatures
  A troll (D:7)
  3 yaks (D:7)
  A steam dragon (D:7)
  2 water moccasins (D:7)
  An orc warrior (D:7)
  A black bear (D:6)
  2 sky beasts (D:7)
  An ice beast (D:7)
  A necrophage (D:6)
  3 ogres
  A kobold brigand (D:7)
  A phantom (D:6)
  Blork the orc (D:6)
  2 bullfrogs (D:7)
  3 wights (D:7)
  A howler monkey (D:7)
  3 jellies
  A centaur zombie (D:6)
  A centaur skeleton (D:7)
  Natasha (thrice) (D:2)
  2 orc wizards (D:7)
  Robin (D:3)
  3 gnolls (D:6)
  5 adders (D:2)
  4 worms
  2 dart slugs
  12 orcs
  5 ball pythons
  4 endoplasms
  2 giant cockroaches (D:1)
  13 goblins
  8 hobgoblins
  2 quokkas (D:2)
  4 bats
  2 frilled lizards (D:2)
  5 kobolds
  A quokka skeleton (D:2)
  7 rats
115 creatures vanquished.

Notes
Turn   | Place    | Note
-------+----------+-------------------------------------------
     0 | D:1      | jafadoo the Minotaur Fighter began the quest for the Orb.
     0 | D:1      | Reached XP level 1. HP: 19/19 MP: 0/0
   266 | D:1      | Reached skill level 4 in Armour
   276 | D:1      | Reached XP level 2. HP: 23/27 MP: 1/1
   971 | D:2      | Reached XP level 3. HP: 32/33 MP: 2/2
  1033 | D:2      | Found a faded altar of an unknown god.
  1576 | D:2      | Reached XP level 4. HP: 14/41 MP: 3/3
  1815 | D:2      | Noticed Natasha
  1821 | D:2      | Killed Natasha
  1822 | D:2      | Reached skill level 1 in Short Blades
  1979 | D:2      | Noticed Natasha
  1985 | D:2      | Killed Natasha
  1986 | D:2      | Reached skill level 5 in Armour
  1986 | D:2      | Reached XP level 5. HP: 45/47 MP: 4/4
  2039 | D:2      | Noticed Natasha
  2042 | D:2      | Killed Natasha
  2393 | D:3      | Noticed Robin
  2415 | D:3      | Killed Robin
  2535 | D:3      | Found a burning altar of Makhleb.
  3106 | D:4      | You fall into a shaft and drop 2 floors!
  3109 | D:6      | Noticed a black bear
  3112 | D:6      | Found a sacrificial altar of Ru.
  3123 | D:6      | Killed a black bear
  3124 | D:6      | Reached XP level 6. HP: 53/53 MP: 5/5
  3192 | D:6      | Reached skill level 5 in Fighting
  3198 | D:6      | Reached skill level 6 in Armour
  3566 | D:6      | Reached skill level 5 in Shields
  3566 | D:6      | Reached XP level 7. HP: 60/61 MP: 6/6
  3583 | D:6      | Found a glowing silver altar of Zin.
  4019 | D:6      | Noticed Blork the orc
  4023 | D:6      | Killed Blork the orc
  4024 | D:6      | Reached skill level 5 in Short Blades
  4320 | D:7      | Noticed a yak
  4320 | D:7      | Noticed a yak
  4321 | D:7      | Noticed a yak
  4329 | D:7      | Killed a yak
  4330 | D:7      | Reached skill level 1 in Stealth
  4330 | D:7      | Reached XP level 8. HP: 62/69 MP: 7/7
  4335 | D:7      | Reached skill level 7 in Armour
  4383 | D:7      | Got Lipetz's Disquisition on Shifting Intoxication
  5411 | D:7      | Noticed a troll
  5415 | D:7      | Killed a troll
  5416 | D:7      | Reached skill level 1 in Long Blades
  5416 | D:7      | Reached skill level 8 in Armour
  5416 | D:7      | Reached XP level 9. HP: 65/78 MP: 8/8
  5801 | D:7      | Found a staircase to the Ecumenical Temple.
  5906 | D:7      | Noticed Joseph
  5912 | D:7      | Reached skill level 5 in Long Blades
  5920 | D:7      | Shot with a sling bullet by Joseph

Illustrated notes

Levels and vault maps discovered:
D:1:      psy_arrival_basics, layout_loops_ring
D:2:      minmay_recursive_quarters, layout_loops_corners,
          shapermc_ecumenical_altar_venn, dk_noncrumbling_2,
          grunt_decor_arrowhead, chequers_serial_rivers_micro_b,
          kennysheep_generic_room_7, uniq_natasha
D:3:      layout_basic, mainiacjoe_overflow_concentric_impassable,
          skrybe_limestone_x, uniq_robin
D:4:      layout_gridville
D:6:      layout_cave_pools, mainiacjoe_overflow_alcove_1,
          nicolae_overflow_hidden_temple, hangedman_abyss_or_decor_lesser_grid,
          minivault_25, uniq_blork_the_orc
D:7:      minmay_razor_zed, layout_basic, minmay_temple_entry_junction_2,
          uniq_joseph

Skill      XL: |  1  2  3  4  5  6  7  8  9 |
---------------+----------------------------+-----
Armour         | 4 5 6 8 |  8.4
Shields        | 4 5 6 |  6.8
Fighting       | 4 5 6 |  6.8
Short Blades   | 1 2 4 5 7 |  7.9
Maces & Flails | 3 |  3.2
Stealth        | 1 |  1.4
Long Blades    | 1 5 |  5.0
Dodging        | |  0.8

Action                   |  1- 3 |  4- 6 |  7- 9 || total
-------------------------+-------+-------+-------++-------
Melee: Flail             |    25 |       |     4 ||    29
       Headbutt          |    10 |    16 |    42 ||    68
       Rapier            |    45 |   102 |    66 ||   213
       Scimitar          |       |       |    53 ||    53
Armor: Scale mail        |    11 |       |       ||    11
       Plate armour      |    28 |    67 |    57 ||   152
Dodge: Dodged            |    27 |    19 |    10 ||    56
Block: Kite shield       |    47 |    59 |    46 ||   152
       Rpst.: Scimitar   |       |       |     1 ||     1
